 Dungeon Crawl Stone Soup version 0.30-b1-2-g02819fbbbe (webtiles) character file.

Game seed: 12548650016226384095

121 graymark the Magician (level 5, -1/35 HPs)
             Began as a Djinni Fire Elementalist on May 25, 2023.
             Slain by a gnoll bouda
             ... wielding a +0 club
              (8 damage)
             ... on level 3 of the Dungeon.
             The game lasted 00:05:30 (2318 turns).

graymark the Magician (Djinni Fire Elementalist)    Turns: 2318, Time: 00:05:31

Health: -1/35      AC:  3    Str:  7    XL:     5   Next: 26%
Gold:   89         EV: 13    Int: 18    God:
                   SH:  0    Dex: 14

rFire   + + .        f - +0 trident
rCold   x . .        (no shield)
rNeg    . . .        a - +0 robe
rPois   ∞            (no helmet)
rElec   .            (no cloak)
rCorr   .            c - +0 pair of gloves
SInv    .            (boots unavailable)
Will    .....        (no amulet)
Stlth   ++           q - +4 ring of slaying
HPRegen 0.25/turn    (no ring)
MPRegen 0.00/turn

%: infuse magic (-2 HP)
@: weakened, flying
A: sickness immunity, fire resistance 2, cold vulnerability 1, float, innate
caster, HP casting, extra vitality 1
a: no special abilities


You were on level 3 of the Dungeon.
You visited 1 branch of the dungeon, and saw 3 of its levels.

You collected 89 gold pieces.

Inventory:

Hand Weapons
 f - a +0 trident (weapon)
Armour
 a - a +0 robe (worn)
 c - a +0 pair of gloves (worn)
 j - an orb of guile
 k - the +1 scale mail "Wyleppun" {-Tele rC+ rN+ Str+4}
   (You found it on level 2 of the Dungeon)

   Str:       It affects your strength (+4).
   rC:        It protects you from cold.
   rN:        It protects you from negative energy.
   -Tele:     It prevents most forms of teleportation.
Jewellery
 q - a +4 ring of slaying (left hand)
Scrolls
 g - a scroll of blinking {unknown}
 h - a scroll of fear
 i - a scroll of enchant weapon {unknown}
 l - a scroll of enchant armour {unknown}
 o - a scroll of noise {unknown}
Potions
 b - a potion of degeneration {unknown}
 d - 2 potions of heal wounds
 e - a potion of might
 m - 3 potions of curing {unknown}
 n - a potion of brilliance {unknown}
 p - 2 potions of ambrosia {unknown}


   Skills:
 + Level 3.2 Dodging
 + Level 2.5 Stealth
 * Level 3.5 Spellcasting


You knew the following spells:

 Your Spells              Type           Power      Damage    Failure   Level
a - Foxfire               Conj/Fire      60%        2x1d7     3%          1
b - Scorch                Fire           30%        2d6       5%          2
c - Volatile Blastmotes   Fire/Tloc      30%        2d12      11%         3
d - Inner Flame           Hex/Fire       15%        N/A       11%         3
e - Flame Wave            Conj/Fire      15%        2d7       36%         4
f - Slow                  Hex            60%        N/A       3%          1
g - Wereblood             Tmut           15%        N/A       5%          2
Your spell library was empty.

Dungeon Overview and Level Annotations

Branches:
Dungeon (3/15)

Altars:


Innate Abilities, Weirdness & Mutations

You are immune to sickness and miasma.
You are immune to poison.
Your flesh is very heat resistant. (rF++)
You are vulnerable to cold. (rC-)
You float through the air rather than walking.
You learn spells naturally, not from books.
Your magical power is your life essence.
You have superior vitality. (+4 MHP)


Message History

The foxfire hits the gnoll bouda.
The gnoll bouda is almost dead.
The gnoll bouda mumbles some strange prayers to its god.
The gnoll bouda is healed somewhat.
You conjure some foxfire!
Your foxfire dissipates!
The foxfire hits the gnoll bouda but does no damage.
The gnoll bouda is heavily wounded.
You conjure some foxfire!
The foxfire hits the gnoll bouda but does no damage.
The gnoll bouda is heavily wounded.
The foxfire hits the gnoll but does no damage.
The gnoll bouda gazes fiercely through you!
You feel your attacks grow feeble.
You conjure some foxfire!
The gnoll misses you.
You conjure some foxfire!
The foxfire hits the gnoll.
The gnoll is lightly wounded.
The foxfire hits the gnoll bouda.
The gnoll bouda is severely wounded.
The gnoll completely misses you.
The gnoll bouda hits you but does no damage.
The gnoll bouda attacks as you move away!
The gnoll bouda hits you with a +0 club!
The foxfire hits the gnoll.
The gnoll is heavily wounded.
The foxfire hits the gnoll bouda.
The gnoll bouda is severely wounded.
The gnoll barely misses you.
You hit the gnoll bouda.
The gnoll bouda is almost dead.
The gnoll closely misses you.
The gnoll bouda gazes fiercely through you!
You feel as though you will be weak longer.
The gnoll bouda closely misses you.
You barely miss the gnoll bouda.
The gnoll bouda is almost dead.
The gnoll hits you with a +0 whip.
* * * LOW HITPOINT WARNING * * *
The gnoll bouda hits you with a +0 club!
You die...

#......###......##.....
#........#......##.###. ...
#####....#......# #. ....
#########....#......##.###. .....
#....>.......#########..... .....
#....................######
.....##....................#
.....##........gg..........#
.........######.@..>....)..######
..().....# #####.........)......
.........# #...........)).......
.........# #......########......
####.....# #......# #......
#.....# #......# #...... #..†).#
#......# #...... #.....# #......#
#...... #.....# #......# #######


You could see a gnoll bouda and a gnoll (swift).

Vanquished Creatures
  Jessica (D:3)
  Robin (D:3)
  An adder (D:2)
  A gnoll (D:1)
  A worm (D:3)
  A dart slug (D:2)
  An orc (D:3)
  2 endoplasms (D:3)
  A giant cockroach (D:1)
  15 goblins
  4 hobgoblins
  10 kobolds
  3 quokkas
  2 ball pythons (D:1)
  3 bats (D:1)
  3 frilled lizards
  6 rats
56 creatures vanquished.

Vanquished Creatures (others)
  227 foxfires
227 creatures vanquished.

Grand Total: 283 creatures vanquished

Notes
Turn   | Place    | Note
-------+----------+-------------------------------------------
     0 | D:1      | graymark the Djinni Fire Elementalist began the quest for
                  | the Orb.
     0 | D:1      | graymark set off with the following spells memorised:
                  | Foxfire, Scorch, Volatile Blastmotes, Inner Flame, Flame
                  | Wave.
     0 | D:1      | Reached XP level 1. HP: 15/15 MP: 0/0
   134 | D:1      | Reached XP level 2. HP: 20/21 MP: 0/0
   570 | D:1      | Reached XP level 3. HP: 24/25 MP: 0/0
   570 | D:1      | Learned a level 1 spell: Slow
  1045 | D:2      | Identified the +1 scale mail "Wyleppun" {-Tele rC+ rN+
                  | Str+4}
  1168 | D:2      | Reached XP level 4. HP: 28/31 MP: 0/0
  2003 | D:3      | Noticed Jessica
  2010 | D:3      | Killed Jessica
  2076 | D:3      | Noticed Robin
  2120 | D:3      | Reached XP level 5. HP: 19/35 MP: 0/0
  2120 | D:3      | Learned a level 2 spell: Wereblood
  2266 | D:3      | Killed Robin
  2318 | D:3      | Slain by a gnoll bouda

Illustrated notes

Levels and vault maps discovered:
D:1:      saegor_arrival_simple_d, layout_basic
D:2:      layout_basic, hex_medium
D:3:      layout_basic, uniq_robin, uniq_jessica

Skill      XL: |  1  2  3  4 |
---------------+-------------+-----
Stealth        | 2 |  2.5
Spellcasting   | 3 |  3.5
Dodging        | 3 |  3.2

Action                     |  1- 3 |  4- 6 || total
---------------------------+-------+-------++-------
  Melee: Unarmed           |     4 |       ||     4
         Trident           |       |    12 ||    12
   Cast: Foxfire           |    70 |    64 ||   134
         Volatile Blastmot |       |     1 ||     1
    Use: Scroll            |       |     3 ||     3
         Potion            |       |     1 ||     1
 Armour: Robe              |     3 |     3 ||     6
  Dodge: Dodged            |     6 |    15 ||    21
